 Dungeon Crawl Stone Soup version 0.25.1-2-g60ff931df9 (webtiles) character file.

Game seed: 13852675771939108804

720 funkygono the Cudgeler (level 7, -4/60 HPs)
             Began as a Minotaur Fighter on Dec 6, 2020.
             Splashed by Ijyb's acid (16 damage)
             ... on level 5 of the Dungeon.
             The game lasted 00:10:26 (5225 turns).

funkygono the Cudgeler (Minotaur Fighter)           Turns: 5225, Time: 00:10:27

Health: -4/60      AC:  7    Str: 23    XL:     7   Next: 42%
Magic:  6/6        EV:  8    Int:  5    God:
Gold:   194        SH: 13    Dex:  9    Spells: 6/6 levels left

rFire    . . .     SeeInvis .   a - +0 flail
rCold    . . .     Gourm    .   o - +3 kite shield
rNeg     . . .     Faith    .   b - +0 scale mail
rPois    .         Spirit   .   (helmet restricted)
rElec    .         Reflect  .   (no cloak)
rCorr    .         Harm     .   (no gloves)
MR       .....                  (no boots)
Stlth    ..........             (no amulet)
HPRegen  0.20/turn              n - ring of wizardry
MPRegen  0.10/turn              (no ring)

@: no status effects
A: retaliatory headbutt, horns 2
a: no special abilities


You were on level 5 of the Dungeon.
You were not hungry.

You visited 2 branches of the dungeon, and saw 6 of its levels.
You also visited: Sewer.

You collected 194 gold pieces.

Inventory:

Hand Weapons
 a - a +0 flail (weapon)
Missiles
 e - 159 stones (quivered)
 i - 123 arrows
 l - 19 sling bullets
 s - 7 boomerangs
Armour
 b - a +0 scale mail (worn)
 c - a +0 kite shield
 o - a +3 kite shield (worn)
 y - the cursed +0 robe of Valour {Int+9}
   (You found it on level 4 of the Dungeon)

   It affects your intelligence (+9).
   It has a curse placed upon it.
Jewellery
 n - a ring of wizardry (left hand)
Wands
 w - a wand of iceblast (8)
Scrolls
 g - 4 scrolls of identify
 j - a scroll of amnesia
 k - 3 scrolls of remove curse
 u - a scroll of fear
 v - 4 scrolls of teleportation
 z - 2 scrolls of magic mapping
Potions
 d - 2 potions of might
 h - 6 potions of curing
 m - a potion of magic
 p - 3 potions of heal wounds
 q - a potion of cancellation
 r - 4 potions of haste
 t - 2 potions of flight
 x - a potion of stabbing {unknown}
 B - a potion of brilliance {unknown}
Comestibles
 f - 8 rations
 A - 2 chunks of flesh


   Skills:
 * Level 4.7 Fighting
 * Level 6.2 Maces & Flails
 + Level 1.6 Throwing
 * Level 6.1 Armour
 * Level 2.0 Dodging
 * Level 5.3 Shields


You had 6 spell levels left.
You didn't know any spells.
Your spell library was empty.

Dungeon Overview and Level Annotations

Branches:
Dungeon (5/15)             Temple (1/1) D:4           Sewer (visited)

Altars:
Ashenzari
Cheibriados
Dithmenos
Elyvilon
Fedhas
Kikubaaqudgha
Makhleb
Nemelex Xobeh
Okawaru
Qazlal
Zin
The Shining One

Shops:
D:5 [

Annotations:
D:5 Ijyb


Innate Abilities, Weirdness & Mutations

You reflexively headbutt those who attack you in melee.
You have a pair of horns on your head.


Message History

e - 159 stones (gained 21) Ijyb the Twisted Goblin comes into view.
She is wielding a +0 club and carrying a wand of acid (4).
Ijyb shouts!
Found a stone staircase leading down.
Ijyb zaps a wand.
The bolt of acid hits you!!
You are splashed with acid!
Found a metal-bound book.
You closely miss Ijyb. You headbutt Ijyb, but do no damage.
Ijyb hits you but does no damage.
You hit Ijyb.
Ijyb is moderately wounded.
You block Ijyb's attack.
You closely miss Ijyb. Your headbutt misses Ijyb.
Ijyb is moderately wounded.
Ijyb closely misses you.
You barely miss Ijyb. You headbutt Ijyb, but do no damage.
Ijyb is moderately wounded.
Ijyb hits you but does no damage.
Ijyb zaps a wand.
The bolt of acid hits you!
* * * LOW HITPOINT WARNING * * *
You are splashed with acid!
You die...

.# .# .# ########
## .# #......# ..
.# #......##.# ##
#......##.##.
#......##.##.#
########
##....g.##.##.#####
........
:.....>@...##.#...
...####
#########........
...# #...#.#.# ...#
#...#.#.# ...#
#...#..)#
...########
#.......#.#
..........#
#.#.#.....#
..........#
#...#.#.###
..........#
#####.#.#


You could see Ijyb.

Vanquished Creatures
  Purgy (Sewer)
  2 scorpions
  A howler monkey (D:5)
  A crimson imp (D:5)
  2 hounds (D:4)
  2 orc priests
  Jessica (D:2)
  An iguana (D:5)
  2 worker ants
  Robin (D:2)
  6 adders
  3 gnolls (D:3)
  An adder skeleton (D:4)
  7 worms
  3 dart slugs
  4 leopard geckos
  8 orcs
  A bat zombie (D:2)
  7 giant cockroaches
  15 goblins
  6 hobgoblins
  4 jackals (D:2)
  8 kobolds
  A quokka (D:3)
  7 ball pythons
  5 bats
  12 frilled lizards
  A quokka skeleton (D:5)
  13 rats
  A rat zombie (D:2)
127 creatures vanquished.

Notes
Turn   | Place    | Note
-------+----------+-------------------------------------------
     0 | D:1      | funkygono the Minotaur Fighter began the quest for the Orb.
     0 | D:1      | Reached XP level 1. HP: 19/19 MP: 0/0
   414 | D:1      | Reached XP level 2. HP: 27/27 MP: 1/1
   925 | D:1      | Reached skill level 1 in Dodging
  1255 | D:2      | Reached XP level 3. HP: 27/33 MP: 2/2
  1511 | D:2      | Found an ancient bone altar of Kikubaaqudgha.
  1545 | D:2      | Noticed Jessica
  1569 | D:2      | Killed Jessica
  1569 | D:2      | Reached XP level 4. HP: 37/40 MP: 3/3
  1798 | D:2      | Noticed Robin
  1810 | D:2      | Killed Robin
  2141 | D:3      | Reached XP level 5. HP: 43/46 MP: 4/4
  2194 | D:3      | Reached skill level 1 in Throwing
  2209 | D:3      | Found a snail-covered altar of Cheibriados.
  2285 | D:3      | Found a glowing drain.
  2322 | Sewer    | Entered a sewer
  2567 | Sewer    | Noticed Purgy
  2573 | Sewer    | Killed Purgy
  2573 | Sewer    | Reached skill level 5 in Armour
  2573 | Sewer    | Reached XP level 6. HP: 44/52 MP: 5/5
  2775 | D:3      | Reached skill level 5 in Shields
  3174 | D:3      | Reached skill level 5 in Maces & Flails
  3699 | D:4      | Got a tattered robe
  3856 | D:4      | Found a shattered altar of Ashenzari.
  4361 | D:4      | Found a staircase to the Ecumenical Temple.
  4382 | D:4      | Reached XP level 7. HP: 59/60 MP: 6/6
  4400 | Temple   | Entered the Ecumenical Temple
  4643 | D:4      | Identified the cursed +0 robe of Valour {Int+9} (You found
                  | it on level 4 of the Dungeon)
  4651 | D:5      | Entered Level 5 of the Dungeon
  4672 | D:5      | Found Teweek's Antique Armour Boutique.
  5219 | D:5      | Noticed Ijyb
  5225 | D:5      | Splashed by Ijyb's acid

Illustrated notes

Levels and vault maps discovered:
D:1:      matt_arrival_diagonals, layout_basic
D:2:      layout_rooms, lemuel_zombie_altar_kikubaaqudgha, uniq_robin,
          uniq_jessica
D:3:      layout_loops_ring, kennysheep_slug_shrine, portal_sewer_entry_b
D:4:      layout_basic, minmay_temple_entry_hall, wad_floor_pattern_untrapped,
          cheibrodos_ashenzari_chains
D:5:      layout_basic, serial_shops, shop, first_ration, minmay_parallelograms,
          uniq_ijyb, uniq_sigmund
Temple:   compressed_dpeg_triangle_lava_temple

Skill      XL: |  1  2  3  4  5  6  7 |
---------------+----------------------+-----
Dodging        | 1 2 |  2.0
Shields        | 4 5 |  5.3
Armour         | 4 5 6 |  6.1
Maces & Flails | 3 4 5 6 |  6.2
Fighting       | 4 |  4.7
Throwing       | 1 |  1.6

Action                   |  1- 3 |  4- 6 |  7- 9 || total
-------------------------+-------+-------+-------++-------
Melee: Flail             |    98 |   208 |    52 ||   358
       Headbutt          |     6 |    42 |    12 ||    60
Throw: Stone             |    68 |    28 |       ||    96
  Use: Scroll            |     5 |     9 |     2 ||    16
  Eat: Chunk             |     2 |    10 |     2 ||    14
Armor: Scale mail        |    54 |    61 |    12 ||   127
Dodge: Dodged            |    29 |    55 |    17 ||   101
Block: Kite shield       |    72 |   142 |    25 ||   239
